[Event "*** Monthly 3|2 Blitz Masters"]
[Site "Chess.com"]
[Date "2014.11.25"]
[Round "2"]
[White "VovAn1991"]
[Black "patzerplay"]
[Result "1-0"]
[WhiteElo "2348"]
[BlackElo "2093"]
[TimeControl "180+2"]
[EndTime "11:20:09 PST"]
[Termination "VovAn1991 won by checkmate"]

1. g3 Nf6 2. Bg2 d5 3. f4 g6 4. Nf3 Bg7 5. O-O O-O 6. d3 d4 7.
Na3 Nd5 8. Nc4 c6 9. a4 Nd7 10. a5 a6 11. Bd2 N7f6 12. h3 Nh5 13. Kh2 Re8 14. Qe1 Qc7 15. c3 c5 16. cxd4 cxd4 17.
Rc1 Qd8 18. Nfe5 f6 19. Nf3 e5 20. fxe5 fxe5 21. Ng5 Nhf6 22. Qd1 h6 23. Ne4 Nxe4 24. Bxe4 Kh7 25. Rf7 Be6 26. Rxb7 Re7 27. Rxe7 Qxe7 28. Qg1 Rb8 29. Qg2 Qd7 30. h4 Rb3 31. h5 Ne7 32.
Rf1 Bxc4 33. dxc4 Rxb2 34. hxg6+ Kh8 35. Bc1 Ra2 36. Rf7 Qe6 37. Bf5 Qc6 38. Rxe7 Qxg2+ 39. Kxg2 Rxe2+ 40. Kf3 Bf8 41. Rh7+ Kg8 42. Be6# 1-0

[Event "*** Monthly 3|2 Blitz Masters"]
[Site "Chess.com"]
[Date "2014.11.25"]
[Round "2"]
[White "pKiLz5Rn9b"]
[Black "RitvarsReimanis"]
[Result "0-1"]
[WhiteElo "2158"]
[BlackElo "2252"]
[TimeControl "180+2"]
[EndTime "11:20:17 PST"]
[Termination "RitvarsReimanis won by resignation"]

1. e4 c5 2. c3 Nf6 3. e5 Nd5 4. d4 cxd4 5. cxd4 d6 6. Nf3 Nc6 7.
Bc4 e6 8. O-O Be7 9. exd6 Qxd6 10.
Nc3 O-O 11. a3 Nxc3 12. bxc3 Bf6 13. Re1 Rd8 14. Bg5 Qe7 15. Bf4 b6 16. Bd3 Bb7 17. Qe2 Na5 18. Ne5 Rac8 19. Rac1 Bd5 20. Ba6 Bxe5 21.
Bxe5 Bc4 22. Qg4 f5 23. Qxg7+ Qxg7 24. Bxg7 Bxa6 25. Bf6 Re8 26. Re3 Kf7 27. Bg5 Rg8 28. Bf4 Bb7 29. g3 Nc4 30. Ree1 Nb2 31. Re3 Be4 32.
f3 Bd5 33. Kg2 Rc4 34. Rc2 Na4 35. Rd3 Rgc8 36. Bd2 b5 37. Re3 a6 38. Kf2 R4c6 39. Rc1 Rc4 40. Ke2 R4c7 41. Ke1 Nb2 42. Kf2 Nc4 43. Rd3 Rc6 44. Be1 Nxa3 45. Ra1 Nc4 46. Rdd1 Nb2 47. Rd2 Na4 48. Rc2 Rc4 49. Ke2 Rxd4 50.
Rcc1 Rdc4 51. Kd3 Bb7 52. Bd2 Bxf3 53. Bf4 Be4+ 54. Kd2 Rxc3 55. Rxc3 Rxc3 56. Rxa4 Rd3+ 57. Ke2 bxa4 0-1

[Event "*** Monthly 3|2 Blitz Masters"]
[Site "Chess.com"]
[Date "2014.11.25"]
[Round "2"]
[White "162a54f5d"]
[Black "stepanosinovsky"]
[Result "1-0"]
[WhiteElo "2310"]
[BlackElo "2298"]
[TimeControl "180+2"]
[EndTime "11:20:35 PST"]
[Termination "162a54f5d won by checkmate"]

1. d4 Nf6 2. c4 g6 3. g3 Bg7 4. Bg2 O-O 5. Nc3 d6 6. Nf3 Nbd7 7. Kf1 e5 8. Kg1 exd4 9. Nxd4 Ne5 10. b3 c6 11. h3 Re8 12. Bb2 h5 13. Qd2 h4 14. g4 a5 15. Rd1 a4 16. f4 Ned7 17. Nxa4 Ne4 18. Qd3 Rxa4 19. bxa4 Qb6 20. Ba1 Ng3 21. Kh2 Nc5 22. Qc2 Nxh1 23. Kxh1 Ne6 24. e3 Qc5 25. Qf2 d5 26. cxd5 cxd5 27. Nxe6 Bxe6 28. Bxg7 Kxg7 29. f5 Bc8 30. fxg6 fxg6 31.
g5 Qe7 32. Qxh4 Rh8 33. Qd4+ Kh7 34. Qxd5 Bf5 35. e4 Be6 36. Qd6 Qf7 37. Rf1 Qe8 38. Qf4 Kg8 39. Kh2 Qd7 40. Qf8+ Kh7 41. Qh6+ Kg8 42.
Rf8# 1-0

[Event "*** Monthly 3|2 Blitz Masters"]
[Site "Chess.com"]
[Date "2014.11.25"]
[Round "2"]
[White "Sebastian"]
[Black "LePlusMortel"]
[Result "1-0"]
[WhiteElo "2528"]
[BlackElo "2376"]
[TimeControl "180+2"]
[EndTime "11:20:41 PST"]
[Termination "Sebastian won by resignation"]

1. e4 c5 2. Nf3 d6 3. d4 cxd4 4. Nxd4 Nf6 5. Nc3 g6 6. Be3 Bg7 7. f3 O-O 8. Qd2 Nc6 9. O-O-O Nxd4 10. Bxd4 Be6 11. Kb1 Qc7 12. h4 Rfc8 13. h5 Qa5 14. hxg6 hxg6 15. a3 Rab8 16. Bd3 b5 17. Qg5 Rc5 18.
Bxc5 dxc5 19. Qxc5 Nd7 20. Qb4 Qc7 21. Nd5 Bxd5 22.
exd5 Nc5 23. Qh4 a5 24. Rde1 Nxd3 25. cxd3 Bf6 26. Qh2 Qd8 27. Rxe7 Bg7 28. Qc7 Qxc7 29. Rxc7 b4 30. axb4 Rxb4 31. Rc8+ Bf8 32. Re1 Kg7 33. Ree8 Bd6 34. Rc6 Bg3 35. Re4 Rb5 36. d6 Rd5 37. Kc2 Bxd6 38. d4 Bb4 39. Kd3 Rh5 40. Rc7 Rh2 41. Re2 Rh1 42. Rc6 Rd1+ 43. Kc4 Rc1+ 44. Kd5 Rd1 45. Rc7 g5 46. Rc4 Kg6 47. Kc6 f5 48. d5 Kh5 49. Re5 f4 50. Re2 Kh4 51. Rxb4 axb4 52. d6 Rc1+ 53. Kd5 b3 54. d7 Kg3 55. Rd2 Rc2 56. Rd1 Rxg2 57. d8=Q Rxb2 58. Qxg5+ Kxf3 59. Rf1+ Ke2 60. Qg2+ Kd3 61. Qxb2 1-0

[Event "*** Monthly 3|2 Blitz Masters"]
[Site "Chess.com"]
[Date "2014.11.25"]
[Round "2"]
[White "ameet100"]
[Black "Chesseducation4u"]
[Result "0-1"]
[WhiteElo "2428"]
[BlackElo "2423"]
[TimeControl "180+2"]
[EndTime "11:20:45 PST"]
[Termination "Chesseducation4u won by resignation"]

1. Nf3 Nf6 2. g3 g6 3. Bg2 Bg7 4. O-O O-O 5. d4 c6 6. c4 d6 7. Nc3 Qa5 8. h3 Be6 9. Nd2 Qa6 10. b3 d5 11. cxd5 Nxd5 12. Nxd5 Bxd5 13. Nf3 c5 14. Be3 Nc6 15. dxc5 Rfd8 16. Qc2 Bxa1 17. Rxa1 Bxf3 18. exf3 Nd4 19. Qe4 Qe6 20. Qxe6 fxe6 21. Bg5 Kf7 22. Kf1 Rd5 23. Be3 Nc2 24. Rc1 Nxe3+ 25. fxe3 Rd2 26. f4 Rb8 27. b4 Rxa2 28. b5 Rb2 29.
c6 bxc6 30. Bxc6 Ra2 31. Re1 a6 32. bxa6 Rxa6 33. Bf3 Ra2 34. Re2 Rb1+ 35. Kf2 Rbb2 36. Rxb2 Rxb2+ 37. Be2 e5 38. g4 Kf6 39. h4 exf4 40. exf4 e5 41. fxe5+ Kxe5 42. Ke3 Rb3+ 43. Bd3 Ra3 44. g5 Rb3 45. Ke2 Kf4 0-1

[Event "*** Monthly 3|2 Blitz Masters"]
[Site "Chess.com"]
[Date "2014.11.25"]
[Round "2"]
[White "GedoGluperd"]
[Black "pedromartinez91"]
[Result "1-0"]
[WhiteElo "2311"]
[BlackElo "2066"]
[TimeControl "180+2"]
[EndTime "11:20:49 PST"]
[Termination "GedoGluperd won by resignation"]

1. d4 d5 2. c4 dxc4 3. Nf3 Nf6 4.
e3 e6 5. Bxc4 c5 6. O-O Nc6 7. a3 Qc7 8. Qe2 cxd4 9. exd4 Be7 10. Nc3 O-O 11. Nb5 Qb8 12. g3 Bd6 13. Nxd6 Qxd6 14.
Bf4 Qd8 15. Rfd1 Nd5 16. Bg5 Nce7 17. Bd3 Bd7 18. Qe4 f5 19. Qh4 h6 20. Bd2 Nc6 21.
Qh3 Qf6 22. Bc3 Nxc3 23. bxc3 Kh8 24. Re1 Rae8 25. Rab1 b6 26. Bb5 f4 27. g4 e5 28.
dxe5 Nxe5 29. Nxe5 Rxe5 30. Bxd7 f3 31. Qg3 Rxe1+ 32.
Rxe1 Qxc3 33. Rf1 Qxa3 34. h3 Qe7 35. Bf5 Qf6 36. Re1 g6 37. Be4 b5 38. Re3 Qf4 39. Qxf4 Rxf4 40. Bxg6 Kg7 41. Be4 b4 42. Bxf3 a5 43. Bc6 Rc4 44. Ba4 Rc1+ 45. Kg2 Ra1 46. Bb5 a4 47. Re4 b3 48. Bxa4 b2 49. Bc2 Rc1 50. Bd3 Rc3 51. Rb4 Rxd3 52. Rxb2 h5 53. Rb7+ Kg6 54. Rb6+ Kg7 55. g5 h4 56. Rf6 Rd5 57. f4 Rd3 58. Rh6 Rg3+ 59. Kh2 Rf3 60. Rxh4 Kg6 61. Kg2 Ra3 62. Rh6+ Kg7 63. Rd6 Ra4 64.
Kg3 1-0

[Event "*** Monthly 3|2 Blitz Masters"]
[Site "Chess.com"]
[Date "2014.11.25"]
[Round "2"]
[White "IMRosen"]
[Black "Zhani-Z"]
[Result "1-0"]
[WhiteElo "1983"]
[BlackElo "1700"]
[TimeControl "180+2"]
[EndTime "11:21:16 PST"]
[Termination "IMRosen won by resignation"]

1. c4 e5 2. Nc3 Nc6 3. Nf3 Bc5 4.
e3 d6 5. a3 a6 6. b4 Ba7 7.
Be2 Nf6 8. d4 O-O 9. h3 Re8 10.
O-O e4 11. Nd2 Bf5 12. Bb2 h6 13. Qb3 Ne7 14. Rae1 Ng6 15. f3 exf3 16. Bxf3 Bc8 17. c5 c6 18. Nc4 Be6 19. Na4 Bxc4 20. Qxc4 d5 21. Qd3 Bb8 22. Nb6 Ra7 23. Bc1 Bc7 24. Na4 Ne4 25. Bxe4 Rxe4 26. Nc3 Re7 27. a4 Ra8 28. b5 axb5 29. axb5 Ra1 30. b6 Bg3 31. Rd1 Qe8 32. Bd2 Rxd1 33. Rxd1 Qa8 34. e4 Bb8 35. exd5 cxd5 36. Nxd5 Re8 37. Rf1 Qa2 38. Nc3 Qb3 39. Qf3 Rd8 40. d5 Ne5 41. Qe4 Qa3 42.
Qd4 Rc8 43. Be3 Re8 44. d6 Nc6 45. Qd2 Ne5 46. Bd4 Nc4 47. Qf2 Rf8 48. Nd5 Qd3 49.
Ne7+ Kh8 50. Nf5 f6 51. Qg3 Rg8 52. Qxd3 1-0

[Event "*** Monthly 3|2 Blitz Masters"]
[Site "Chess.com"]
[Date "2014.11.25"]
[Round "2"]
[White "wonderfultime"]
[Black "DanielRensch"]
[Result "0-1"]
[WhiteElo "2504"]
[BlackElo "2368"]
[TimeControl "180+2"]
[EndTime "11:21:25 PST"]
[Termination "DanielRensch won by checkmate"]

1. c4 e5 2. Nc3 Nf6 3. g3 d5 4.
cxd5 Nxd5 5. Bg2 Nb6 6. d3 Be7 7. Nf3 Nc6 8. a3 O-O 9. O-O h6 10. b4 Re8 11. Bb2 Bf8 12. Rc1 Bg4 13. h3 Bf5 14.
Nd2 Qd7 15. Kh2 Rad8 16. Nce4 Nd5 17. Nc5 Bxc5 18. Rxc5 Nf6 19. b5 Nd4 20. Bxb7 Bxh3 21. Re1 Ng4+ 22. Kg1 Qe7 23. Qc1 Qf6 24. Nf3 Nb3 25. Qc2 Nxc5 26. Qxc5 Qd6 27. Qxd6 cxd6 28.
Rc1 Nf6 29. a4 e4 30. Bxf6 gxf6 31. dxe4 f5 32. exf5 Rxe2 33. Nd4 Rd2 34. Nc6 Re8 35. f6 Ree2 36. Ne7+ Kh7 37. a5 h5 38. b6 axb6 39. axb6 Rb2 40. Bf3 Re6 41. b7 Rxf6 42. Be4+ Kg7 43.
Rc8 Rfxf2 44. Rg8+ Kf6 45. Nd5+ Ke5 46. Re8+ Kd4 47. Ne3 Kxe3 48. Bc2+ Kf3 49. Bd1+ Kxg3 50. Re3+ Kh4 51. b8=Q Rf1# 0-1

[Event "*** Monthly 3|2 Blitz Masters"]
[Site "Chess.com"]
[Date "2014.11.25"]
[Round "2"]
[White "Dlugy"]
[Black "lorcho"]
[Result "1/2-1/2"]
[WhiteElo "2584"]
[BlackElo "2390"]
[TimeControl "180+2"]
[EndTime "11:21:34 PST"]
[Termination "Game drawn - insufficient material"]

1. d4 e6 2. Nf3 d5 3. c4 c5 4.
cxd5 exd5 5. g3 Nc6 6. Bg2 Nf6 7.
O-O Be7 8. Nc3 O-O 9. Bg5 cxd4 10. Nxd4 h6 11. Bf4 Bg4 12. h3 Be6 13. Nxe6 fxe6 14.
e4 d4 15. e5 dxc3 16. exf6 Bxf6 17. bxc3 Bxc3 18. Qxd8 Raxd8 19. Rab1 Nd4 20. Bc7 Rd7 21. Rxb7 Nf3+ 22. Bxf3 Rxf3 23. Rxa7 Rxg3+ 24. Bxg3 Rxa7 25. Rc1 Bb2 26. Rc2 Bd4 27. Kf1 Kf7 28. Ke2 Ra3 29. Kd2 e5 30. Kc1 g5 31. Kb1 h5 32. h4 g4 33. Rc6 Rf3 34. Rc2 e4 35. a4 Bb6 36. Rb2 e3 37. fxe3 Bxe3 38. Bc7 Bd4 39.
Rb5 g3 40. Rg5 Rf1+ 41. Kc2 Ra1 42. a5 Bf2 43. Kb3 Kf6 44. Bd8+ Ke6 45. Bc7 Kd7 46. Rg7+ Kc6 47. Kc4 Ra4+ 48. Kd3 Rg4 49. Rxg4 hxg4 50. Ke2 Kxc7 51. h5 Bd4 52. Kf1 Kb7 53. Kg2 Be5 54.
h6 Ka6 55. h7 Kxa5 56. h8=Q Bxh8 57. Kxg3 Bg7 58. Kxg4 1/2-1/2

[Event "*** Monthly 3|2 Blitz Masters"]
[Site "Chess.com"]
[Date "2014.11.25"]
[Round "2"]
[White "GMBenjaminBok"]
[Black "hitaman"]
[Result "1-0"]
[WhiteElo "2621"]
[BlackElo "2360"]
[TimeControl "180+2"]
[EndTime "11:21:48 PST"]
[Termination "GMBenjaminBok won by resignation"]

1. e4 c5 2. Nf3 e6 3. d4 cxd4 4.
Nxd4 a6 5. Bd3 Bc5 6. Nb3 Ba7 7.
Qe2 Nc6 8. Be3 d6 9. O-O Nf6 10.
c4 O-O 11. Nc3 Bxe3 12. Qxe3 b6 13. Rfd1 Qc7 14. Be2 Rd8 15. Rac1 Ne5 16. Rd4 Bb7 17.
Rcd1 Nc6 18. R4d2 Na5 19. Nxa5 bxa5 20. f3 e5 21. b3 Kf8 22. Rd3 h6 23. Kh1 Ke7 24.
Rc1 Qc5 25. Qd2 Bc6 26. Bf1 Rac8 27. Qe1 Qa3 28. Rdd1 Qc5 29. Rc2 Nd7 30. Qg3 Kf8 31. Rcd2 Nb6 32. Qe1 Rc7 33. Rd3 Rcd7 34. g3 a4 35. Qd2 axb3 36. axb3 Qb4 37. Bh3 Re7 38. Kg2 Bd7 39. Rxd6 Bxh3+ 40. Kxh3 Red7 41. Rxd7 Rxd7 42. Nd5 Qd6 43. Kg2 Qc5 44. Qf2 Qc6 45. Rd3 Nc8 46. Qd2 Qc5 47. Ne3 Rd4 48. Nf5 Rxd3 49. Qxd3 Qb6 50.
c5 Qc7 51. b4 Ne7 52. Nxe7 Kxe7 53. Qxa6 Qd7 54. Qe2 Qa4 55. Qd2 Qb5 56. Qd6+ 1-0

[Event "*** Monthly 3|2 Blitz Masters"]
[Site "Chess.com"]
[Date "2014.11.25"]
[Round "2"]
[White "bsmail"]
[Black "redchessman"]
[Result "0-1"]
[WhiteElo "2102"]
[BlackElo "2273"]
[TimeControl "180+2"]
[EndTime "11:21:48 PST"]
[Termination "redchessman won by resignation"]

1. d4 d5 2. c4 c6 3. Nf3 e6 4.
Nc3 dxc4 5. g3 b5 6. Bg2 Nd7 7. a4 Bb7 8. axb5 cxb5 9. Nxb5 Ngf6 10. O-O Qb6 11. Na3 Bxa3 12. Rxa3 O-O 13. Ne5 Bxg2 14. Kxg2 Nxe5 15. dxe5 Nd5 16. Qc2 Rfc8 17. Ra4 Qb7 18.
Kg1 Nb4 19. Qc3 a5 20. Bd2 Qb5 21. Rfa1 h6 22. Qe3 Nc2 23. Rxa5 Rxa5 24. Rxa5 Qxa5 25. Bxa5 Nxe3 26. fxe3 Rc5 27. Bc3 g5 28. h3 h5 29.
Kf2 g4 30. hxg4 hxg4 31. e4 Kh7 32. Ke3 Rc8 33. Kf4 Rg8 34. Ke3 Kh6 35. Kd4 Rc8 36.
Ke3 Kg5 37. Kd4 Rc7 38. Ke3 Rd7 39. Bd4 Rb7 40. Bc3 Rd7 41. Bd4 Rd8 42. Bc3 Rd1 43.
Bb4 Rh1 44. Be7+ Kh5 45. Bb4 Rh3 46. Kf2 Rh2+ 47. Ke3 Rg2 48. Be1 Rg1 49. Bf2 Rb1 50.
Kd4 Rxb2 51. Be3 Rxe2 52. Bf4 Rc2 53. Be3 Re2 54. Bf4 c3 55. Kxc3 Rxe4 56. Kd3 Rxf4 57. gxf4 Kh4 58. Ke4 Kh3 59. f5 g3 60. fxe6 fxe6 61.
Kd4 g2 62. Kc5 g1=Q+ 63. Kd6 Qg6 0-1

[Event "*** Monthly 3|2 Blitz Masters"]
[Site "Chess.com"]
[Date "2014.11.25"]
[Round "2"]
[White "Philofive"]
[Black "alturas_pacificas"]
[Result "1/2-1/2"]
[WhiteElo "2227"]
[BlackElo "2045"]
[TimeControl "180+2"]
[EndTime "11:21:50 PST"]
[Termination "Game drawn by stalemate"]

1. d4 d5 2. c4 c6 3. Nf3 Nf6 4.
e3 e6 5. b3 Nbd7 6. Bb2 Bd6 7.
Nbd2 O-O 8. Bd3 Re8 9. Ne5 Nf8 10. f4 N6d7 11. Qh5 Qe7 12. c5 Bc7 13. O-O f6 14.
Nef3 f5 15. b4 Nf6 16. Qh4 a6 17. a4 Ng4 18. Qxe7 Rxe7 19. Rfe1 Bd7 20. Nb3 h6 21.
Bc3 Nh7 22. h3 Ngf6 23. b5 axb5 24. axb5 Rxa1 25. Rxa1 g5 26. b6 Bb8 27. Ra8 Re8 28. g3 Nh5 29. Kf2 gxf4 30. exf4 Nxg3 31. Kxg3 Bxf4+ 32. Kxf4 Rxa8 33. Na5 Rb8 34. Ke5 Kf7 35. Bd2 Nf6 36. Bxh6 Rh8 37. Bf4 Bc8 38. Ng5+ Ke7 39. Bg3 Rg8 40. Bh4 Nd7+ 41. Kf4 Rg6 42. Nf3+ Kf7 43.
Bg5 Rg8 44. h4 Re8 45. Ne5+ Nxe5 46. Kxe5 Rh8 47. Be2 Rh7 48. Kd6 Kg6 49. Ke5 Rd7 50.
Kf4 Rh7 51. h5+ Kf7 52. Bd8 Ke8 53. Bf6 Kf7 54. Be5 Rh6 55. Kg5 Rh7 56. h6 Ke7 57. Bh5 Kd7 58. Bg6 Re7 59. h7 Rxh7 60.
Bxh7 Ke7 61. Bg6 Kd7 62. Kf6 f4 63. Bxf4 Kd8 64. Ke5 Kd7 65. Bg5 1/2-1/2

[Event "*** Monthly 3|2 Blitz Masters"]
[Site "Chess.com"]
[Date "2014.11.25"]
[Round "2"]
[White "rhungaski"]
[Black "GulamaliRises"]
[Result "1/2-1/2"]
[WhiteElo "2422"]
[BlackElo "2428"]
[TimeControl "180+2"]
[EndTime "11:22:05 PST"]
[Termination "Game drawn by repetition"]

1. e4 c5 2. Nf3 d6 3. d4 cxd4 4.
Nxd4 Nf6 5. Nc3 a6 6. Be2 e6 7. a4 Qc7 8. O-O Be7 9. Be3 O-O 10. f4 Nc6 11. Kh1 Re8 12. Bf3 Bf8 13. g4 Nxd4 14. Bxd4 e5 15. Bg1 exf4 16. g5 Nd7 17. Nd5 Qd8 18. Qd2 Ne5 19. Qxf4 Bh3 20. Bg2 Bxg2+ 21. Kxg2 Rc8 22. c3 Rc6 23. Bd4 Qd7 24.
Qg3 Ng6 25. Rae1 Ne7 26. Rf3 Nxd5 27. exd5 Rc7 28. b3 Rxe1 29. Qxe1 Qg4+ 30. Rg3 Qf5 31. c4 b5 32. axb5 axb5 33. Bb6 Re7 34. Qf2 Qe4+ 35. Qf3 bxc4 36. Qxe4 Rxe4 37. bxc4 Rxc4 38.
Ra3 f6 39. gxf6 gxf6 40. Ra8 Kf7 41. Bd8 Rd4 42. Bxf6 Rxd5 43. Bh4 Rd2+ 44. Kg3 d5 45. Ra7+ Kg6 46. Ra6+ Kf7 47. Ra7+ Kg8 48. h3 Rd3+ 49. Kg4 Rd4+ 50. Kh5 Re4 51. Bf6 Rf4 52. Bg5 Rf1 53. Rd7 Rd1 54. Bf6 Rf1 55. Bg5 Rd1 56. Bf6 Rf1 57.
Bg5 Rf5 58. Kg4 Rf7 59. Rxd5 h6 60. Bf4 Kh7 61. h4 Bg7 62. h5 Bf6 63. Rd6 Rg7+ 64. Kf5 Bg5 65. Be5 Rf7+ 66. Ke4 Re7 67. Kf5 Rf7+ 68.
Ke4 Re7 69. Kf5 Rf7+ 1/2-1/2

[Event "*** Monthly 3|2 Blitz Masters"]
[Site "Chess.com"]
[Date "2014.11.25"]
[Round "2"]
[White "thegormacle"]
[Black "liczner"]
[Result "0-1"]
[WhiteElo "2478"]
[BlackElo "2416"]
[TimeControl "180+2"]
[EndTime "11:23:13 PST"]
[Termination "liczner won by resignation"]

1. d4 Nf6 2. Nf3 g6 3. Nc3 d5 4.
Bf4 Bg7 5. Qd2 O-O 6. Bh6 c5 7. Bxg7 Kxg7 8. dxc5 Qa5 9. O-O-O Qxc5 10. e3 Nc6 11. Kb1 Rd8 12. Bb5 Ne4 13. Qe1 Bf5 14.
Bxc6 Nxc3+ 15. Qxc3+ Qxc3 16. bxc3 bxc6 17. Nd4 Bd7 18. Nb3 Rdb8 19. Kc1 a5 20. c4 a4 21. Nc5 Bc8 22. cxd5 cxd5 23. Kd2 Rb2 24. Rb1 Rxa2 25.
Ra1 Rxa1 26. Rxa1 a3 27. Kc3 Bf5 28. Kb3 Bxc2+ 29. Kxc2 Rc8 30. Rxa3 Rxc5+ 31. Kd3 e6 32. Ra7 Rc6 33. g4 h6 34. Ke2 g5 35. Kf3 Rc4 36. Kg3 Kg6 37. h4 Rb4 38. hxg5 hxg5 39. Rd7 Kf6 40. Kf3 Rb1 41. Kg3 Rb2 42. Kf3 Rb8 43.
Kg3 Re8 44. Kf3 Re7 45. Rd8 Rb7 46. Kg3 Ke5 47. Rg8 f6 48. Re8 Rb3 49. Kg2 Ra3 50. Re7 Ra8 51. Kg3 Ra4 52. Re8 Ra3 53. Kg2 Ra6 54.
Kg3 Ke4 55. Rf8 e5 56. Re8 Rd6 57. Kg2 Kd3 58. Kf3 d4 59. exd4 exd4 60. Ra8 Re6 61.
Ra3+ Kc4 62. Ra4+ Kc3 63. Ra3+ Kb4 64. Ra8 d3 65. Rd8 Kc3 66. Rc8+ Kb2 67. Rb8+ Kc2 68.
Rc8+ Kd1 69. Rc7 d2 70. Rc8 Ke1 0-1

[Event "*** Monthly 3|2 Blitz Masters"]
[Site "Chess.com"]
[Date "2014.11.25"]
[Round "2"]
[White "AlmirDzhumaev"]
[Black "esr44"]
[Result "1-0"]
[WhiteElo "2252"]
[BlackElo "2062"]
[TimeControl "180+2"]
[EndTime "11:23:51 PST"]
[Termination "AlmirDzhumaev won by resignation"]

1. e4 c6 2. d4 d5 3. exd5 cxd5 4. c4 Nf6 5. Nc3 Nc6 6. Nf3 Bg4 7. cxd5 Nxd5 8.
Qb3 Bxf3 9. gxf3 e6 10. Qxb7 Nxd4 11. Bb5+ Nxb5 12. Qc6+ Ke7 13. Qxb5 f6 14. Qb7+ Ke8 15. Qc6+ Kf7 16. Bd2 Rc8 17. Qb7+ Qc7 18. Qb3 Qe5+ 19.
Ne4 Rb8 20. Qa4 Qxb2 21. O-O Be7 22. Qxa7 Rb7 23. Qa6 h6 24. Be3 Rhb8 25. Bc5 f5 26. Nd6+ Bxd6 27. Qxd6 Qc3 28. Rae1 Re8 29. Kg2 Qc4 30. Rc1 Qh4 31. Be3 Nxe3+ 32. fxe3 Rb2+ 33. Kh1 e5 34. Qd5+ Kg6 35. Rg1+ Kh7 36. Rg2 Rxg2 37. Kxg2 Qg5+ 38. Kf2 Rd8 39. Qa5 Qh4+ 40. Kg2 Rd6 41. Qe1 Rg6+ 42. Kh1 Qh3 43. Qf2 e4 44. f4 Rg4 45. Rg1 Rxg1+ 46. Kxg1 h5 47. a4 Qg4+ 48. Qg3 Qd1+ 49. Kg2 Qxa4 50. Qg5 Qc2+ 51. Kg3 g6 52. Qe7+ Kh6 53. Qf8+ Kh7 54. Qf7+ Kh6 55.
Qf6 Kh7 56. Qe7+ Kh6 57. Qd8 Kg7 58. Qd4+ Kh7 59. Qd7+ Kh6 60. Qe8 Qc7 61. Kh4 Qg7 62. Qd8 Kh7 63. Kg5 Qh6+ 64. Kf6 Qg7+ 65. Ke6 g5 66.
fxg5 Qg6+ 67. Ke5 Qg7+ 68. Kxf5 Qg6+ 69. Kf4 h4 70. Qe7+ Kg8 71. Qxe4 Qd6+ 72. Qe5 Qb4+ 73. Qd4 Qb8+ 74. Qe5 Qb4+ 75. Kf5 Qb1+ 76. Qe4 Qf1+ 77. Qf4 Qh3+ 78. Kg6 Qe6+ 79. Kh5 h3 80. Kh4 Kg7 81.
Qf6+ Qxf6 82. gxf6+ Kxf6 83. Kxh3 Ke5 84. Kg4 Ke4 85.
h4 Kxe3 86. h5 Ke4 87. h6 1-0

[Event "*** Monthly 3|2 Blitz Masters"]
[Site "Chess.com"]
[Date "2014.11.25"]
[Round "3"]
[White "pKiLz5Rn9b"]
[Black "minnesotachessmaster"]
[Result "1-0"]
[WhiteElo "2161"]
[BlackElo "1898"]
[TimeControl "180+2"]
[EndTime "11:27:55 PST"]
[Termination "pKiLz5Rn9b won by resignation"]

1. e4 c5 2. c3 d5 3. exd5 Qxd5 4.
d4 Nc6 5. Nf3 Bg4 6. Be2 e6 7.
h3 Bh5 8. Be3 cxd4 9. cxd4 Nf6 10. Nc3 Bb4 11. O-O Qd7 12. Ne5 Nxe5 13. dxe5 Qxd1 14. Bxd1 Bxd1 15. Rfxd1 Bxc3 16. bxc3 Nd5 17. Bd4 O-O 18. c4 Nb6 19. Bxb6 axb6 20. Rd7 Rac8 21.
Rxb7 Rxc4 22. Rxb6 Rc2 23. a4 h6 24. a5 Rd8 25. a6 Rdd2 26. a7 1-0

[Event "*** Monthly 3|2 Blitz Masters"]
[Site "Chess.com"]
[Date "2014.11.25"]
[Round "3"]
[White "hitaman"]
[Black "IMLevAltounian"]
[Result "1-0"]
[WhiteElo "2376"]
[BlackElo "2203"]
[TimeControl "180+2"]
[EndTime "11:28:18 PST"]
[Termination "hitaman won by resignation"]

1. e4 e6 2. d4 d5 3. Nd2 Nf6 4. e5 Nfd7 5. Bd3 c5 6. c3 Nc6 7. Ne2 cxd4 8. cxd4 Nb6 9. O-O Bd7 10.
Nf3 a5 11. Nf4 g6 12. h4 a4 13. h5 g5 14. Nxg5 Qxg5 15. Nxd5 Qh4 16. Nxb6 Rd8 17. d5 Nxe5 18. Nxd7 Nxd7 19. dxe6 fxe6 20.
Re1 Nc5 21. Bb5+ Kf7 22. Qf3+ Qf6 23. Qxf6+ Kxf6 24. Be3 Nd3 25. Red1 1-0

[Event "*** Monthly 3|2 Blitz Masters"]
[Site "Chess.com"]
[Date "2014.11.25"]
[Round "3"]
[White "promen1999"]
[Black "Baggio95"]
[Result "1/2-1/2"]
[WhiteElo "2305"]
[BlackElo "2365"]
[TimeControl "180+2"]
[EndTime "11:29:11 PST"]
[Termination "Game drawn by agreement"]

1. d4 Nf6 2. c4 g6 3. Nc3 d5 4.
cxd5 Nxd5 5. e4 Nxc3 6. bxc3 Bg7 7. Be3 c5 8. Rc1 Qa5 9. Qd2 O-O 10. Nf3 b6 11. h4 h5 12. d5 Ba6 13. Bxa6 Qxa6 14. c4 Nd7 15. Bh6 Nf6 16. Bxg7 Kxg7 17. e5 Ng4 18. O-O Qc8 19. e6 f6 20. Rfe1 Qc7 21. d6 Qxd6 22. Qxd6 exd6 23. Rcd1 Rfe8 24. Rxd6 Re7 25. Rd7 Rxd7 26. exd7 Rd8 27. Re7+ Kf8 28. Rh7 Kg8 29. Re7 Kf8 30. Rh7 Kg8 31. Re7 1/2-1/2

[Event "*** Monthly 3|2 Blitz Masters"]
[Site "Chess.com"]
[Date "2014.11.25"]
[Round "3"]
[White "Argente"]
[Black "Bab3s"]
[Result "1-0"]
[WhiteElo "2166"]
[BlackElo "2096"]
[TimeControl "180+2"]
[EndTime "11:30:38 PST"]
[Termination "Argente won by resignation"]

1. d4 Nf6 2. Bg5 e6 3. c3 h6 4. Bh4 c5 5. Nf3 Nc6 6. e3 d5 7. Nbd2 Bd6 8. Bd3 O-O 9. O-O e5 10. dxe5 Nxe5 11. Nxe5 Bxe5 12. f4 Bc7 13. e4 c4 14. e5 cxd3 15. exf6 Re8 16. Qh5 Bb6+ 17. Kh1 Re2 18. Rf3 Qf8 19. fxg7 Kxg7 20. Rg3+ Kh7 21. Nf3 Re6 22. Ng5+ Kh8 23. Nxf7+ Kh7 24. Qf5+ 1-0

[Event "*** Monthly 3|2 Blitz Masters"]
[Site "Chess.com"]
[Date "2014.11.25"]
[Round "3"]
[White "GulamaliRises"]
[Black "Dlugy"]
[Result "0-1"]
[WhiteElo "2418"]
[BlackElo "2589"]
[TimeControl "180+2"]
[EndTime "11:30:41 PST"]
[Termination "Dlugy won by resignation"]

1. e4 c5 2. Nf3 d6 3. d4 cxd4 4. Nxd4 Nf6 5. Nc3 Nc6 6. Bg5 e6 7. Qd2 a6 8. O-O-O h6 9. Nxc6 bxc6 10. Bf4 d5 11. Qe3 Qa5 12. exd5 cxd5 13. Be5 Be7 14.
h3 O-O 15. Qg3 Bd7 16. Be2 Rfc8 17. f4 Ne8 18. f5 Bf6 19. fxe6 Bxe6 20. Bf3 Bxe5 21.
Qxe5 Nf6 22. Rhe1 Rab8 23. a3 Nd7 24. Qd4 Rc4 25. Qe3 Rbc8 26. Nxd5 Rxc2+ 27. Kb1 Qb5 28. Qd4 R8c4 29. Be2 Rxe2 0-1

[Event "*** Monthly 3|2 Blitz Masters"]
[Site "Chess.com"]
[Date "2014.11.25"]
[Round "3"]
[White "jcibarra"]
[Black "JamesColeman"]
[Result "1-0"]
[WhiteElo "2446"]
[BlackElo "2278"]
[TimeControl "180+2"]
[EndTime "11:30:49 PST"]
[Termination "jcibarra won by resignation"]

1. e4 e5 2. Nf3 Nc6 3. Bb5 Nf6 4.
O-O Nxe4 5. d4 Nd6 6. dxe5 Nxb5 7. a4 Nbd4 8. Nxd4 Nxd4 9. Qxd4 d5 10. Nc3 c6 11. Qd3 Be6 12. Ne2 Qd7 13. Nd4 Bc5 14. Be3 Bxd4 15. Bxd4 O-O 16. a5 Qe7 17. Qe3 Rfe8 18.
Bc5 Qd7 19. Bxa7 Bf5 20. c3 Qe6 21. Rfe1 Qg6 22. Bd4 Be4 23. f3 Bf5 24. Qf4 Be6 25. g4 h5 26. h3 hxg4 27. hxg4 Qc2 28. Qh2 Qxh2+ 29. Kxh2 g6 30. Kg3 Kg7 31. Be3 Rh8 32.
Bg5 Rh7 33. Ra4 Rg8 34. a6 bxa6 35. Bf6+ 1-0

[Event "*** Monthly 3|2 Blitz Masters"]
[Site "Chess.com"]
[Date "2014.11.25"]
[Round "3"]
[White "Zhani-Z"]
[Black "Hafez_Bakr"]
[Result "1-0"]
[WhiteElo "1747"]
[BlackElo "1782"]
[TimeControl "180+2"]
[EndTime "11:31:09 PST"]
[Termination "Zhani-Z won by resignation"]

1. e4 c5 2. Nf3 d6 3. d4 cxd4 4. Nxd4 Nf6 5. Nc3 a6 6. Bc4 e6 7. Bb3 Be7 8. f4 Qc7 9. f5 e5 10. Nf3 Bd7 11. Bg5 O-O 12. Bxf6 Bxf6 13. Nd5 Qd8 14.
Qd2 Bc6 15. O-O-O Bxd5 16. Bxd5 Nc6 17. c3 Be7 18. g4 Rc8 19. g5 Kh8 20. Kb1 f6 21. h4 Qb6 22. gxf6 Rxf6 23. Ng5 Rcf8 24. Qe2 h6 25. Rhg1 Na5 26. Qh5 Qe3 27. Ne6 Rg8 28. Rg2 Nc4 29. Rdg1 Nd2+ 30. Ka1 Nxe4 31. Bxe4 Qxe4 32.
Rxg7 Rxg7 33. Nxg7 Qe3 34. Qg4 Qf4 35. Qg2 Qxh4 36. Ne6 1-0

[Event "*** Monthly 3|2 Blitz Masters"]
[Site "Chess.com"]
[Date "2014.11.25"]
[Round "3"]
[White "David_Klein"]
[Black "redchessman"]
[Result "1-0"]
[WhiteElo "2366"]
[BlackElo "2238"]
[TimeControl "180+2"]
[EndTime "11:31:13 PST"]
[Termination "David_Klein won by resignation"]

1. e4 c5 2. Nf3 e6 3. g3 Nc6 4. Bg2 d6 5. O-O Bd7 6. c3 Be7 7. d4 cxd4 8. cxd4 Nf6 9. Nc3 O-O 10.
Qe2 a6 11. Rd1 Qb8 12. e5 Ne8 13. Bf4 dxe5 14. dxe5 Qc7 15. h4 Rd8 16. Rac1 g6 17.
Ne4 Bc8 18. Rxd8 Qxd8 19. Rd1 Qb6 20. h5 Ng7 21. hxg6 hxg6 22. Nfg5 Nh5 23. Be3 Qc7 24. f4 Rd8 25. Rxd8+ Qxd8 26. g4 Ng7 27. Qe1 Qd3 28. Bf1 Qc2 29. Qh4 1-0